 Dungeon Crawl Stone Soup version 0.28-a0-233-gb8ca4b6547 (webtiles) character file.

Game seed: 14267224692904298751

8916 Smaepdii the Slicer (level 11, -5/72 HPs)
             Began as a Demonspawn Brigand on Aug 22, 2021.
             Was a Follower of Ru.
             Slain by an ice devil (6 damage)
             ... summoned by a kobold demonologist
             ... in a bailey on Aug 23, 2021.
             The game lasted 01:02:41 (11130 turns).

Smaepdii the Slicer (Demonspawn Brigand)           Turns: 11130, Time: 01:02:42

Health: -5/72      AC: 11    Str: 12    XL:     11   Next: 16%
Magic:  0/20       EV: 16    Int: 13    God:    Ru [*.....]
Gold:   166        SH:  0    Dex: 15    Spells: 10/10 levels left

rFire   . . .      SeeInvis .   y - +7 dagger of Gravity {speed, *Rage +Blink rC+}
rCold   + . .      Faith    .   (no shield)
rNeg    . . .      Spirit   +   C - +2 robe
rPois   .          Reflect  .   G - +0 hat
rElec   .          Harm     .   c - +0 cloak
rCorr   .          Rampage  .   o - +0 pair of gloves
Will    .....      Rnd*Rage +   x - +1 pair of boots
Stlth   ++++......              n - amulet of guardian spirit
HPRegen 0.22/turn               L - +4 ring of protection
MPRegen 0.34/turn               q - ring of magical power

@: on berserk cooldown, slowed, unable to read, very slow
A: horns 2, demonic guardian 1, magic regeneration, no earth magic, no hexes
magic, no necromancy magic, disrupted magic 1, sturdy frame 1, clumsy 1,
deformed body, inability to read while threatened, devolution 1
a: Renounce Religion, Evoke Blink


You were in a bailey.
You worshipped Ru.
Ru was aware of your devotion.
You visited 2 branches of the dungeon, and saw 11 of its levels.
You also visited: Bailey.

You collected 503 gold pieces.
You spent 337 gold pieces at shops.

Inventory:

Hand Weapons
 i - a +3 dagger of venom
 y - the +7 dagger of Gravity (weapon) {speed, *Rage +Blink rC+}
   (You bought it in a shop on level 6 of the Dungeon)

   Attacks with this weapon are significantly faster.
   rC:        It protects you from cold.
   +Blink:    It lets you blink.
   *Rage:     It may make you go berserk in combat.
Missiles
 d - 33 poisoned darts
 f - 6 datura-tipped darts
 s - 15 boomerangs
 D - a throwing net
 Q - 3 curare-tipped darts
Armour
 a - +0 fire dragon scales
 b - a +0 robe
 c - a +0 cloak (worn)
 k - a +0 kite shield
 o - a +0 pair of gloves (worn)
 v - the +2 buckler of Shadows and Fog {rPois Will- Int+8 Dex-2}
   (You found it on level 6 of the Dungeon)

   Int:       It affects your intelligence (+8).
   Dex:       It affects your dexterity (-2).
   rPois:     It protects you from poison.
   Will:      It decreases your willpower.
 x - a +1 pair of boots (worn)
 C - a +2 robe (worn)
 G - a +0 hat (worn)
Jewellery
 m - a ring of poison resistance
 n - an amulet of guardian spirit (around neck)
 q - a ring of magical power (right hand)
 w - a +6 ring of strength
 z - an amulet of magic regeneration
 L - a +4 ring of protection (left hand)
 N - a +4 ring of evasion
 O - a ring of wizardry
Wands
 p - a wand of flame (13) (quivered)
Scrolls
 h - 3 scrolls of identify
 r - a scroll of magic mapping
 A - 2 scrolls of fog
 B - a scroll of vulnerability {unknown}
 H - a scroll of teleportation {unknown}
 I - a scroll of torment {unknown}
 J - a scroll of amnesia
 M - a scroll of silence
 P - a scroll of brand weapon {unknown}
 R - a scroll of summoning {unknown}
Potions
 e - a potion of magic {unknown}
 l - a potion of brilliance
 t - a potion of attraction {unknown}
 u - a potion of lignification {unknown}
 E - a potion of haste
 F - a potion of might {unknown}
 K - a potion of mutation


   Skills:
 - Level 2.0 Fighting
 - Level 10.0 Short Blades
 - Level 1.7 Throwing
 + Level 8.5 Dodging
 + Level 10.0 Stealth
 - Level 4.0 Shields


You had 10 spell levels left.
You didn't know any spells.
Your spell library contained the following spells:

 Spells                   Type           Power      Damage    Failure   Level
 Static Discharge         Conj/Air       0%         N/A       52%         2
 Alistair's Intoxication  Tmut/Pois      0%         N/A       100%        5
 Lightning Bolt           Conj/Air       0%         1d11      100%        5
 Eringya's Noxious Bog    Tmut/Pois      0%         N/A       100%        6
 Orb of Destruction       Conj           0%         N/A       100%        7
 Spellforged Servitor     Conj/Summ      0%         N/A       100%        7
 Maxwell's Capacitive Co  Air            0%         ∞         100%        8
 Sandblast                Erth           Unusable   2d4       N/A         1
 Passwall                 Tmut/Erth      Unusable   N/A       N/A         2
 Inner Flame              Hex/Fire       Unusable   N/A       N/A         3
 Summon Guardian Golem    Hex/Summ       Unusable   N/A       N/A         3
 Cause Fear               Hex            Unusable   N/A       N/A         4
 Borgnjor's Vile Clutch   Necr/Erth      Unusable   N/A       N/A         5
 Lee's Rapid Deconstruct  Erth           Unusable   3d5*      N/A         5
 Discord                  Hex            Unusable   N/A       N/A         8

Dungeon Overview and Level Annotations

Branches:
Dungeon (10/15)            Temple (1/1) D:7            Lair (0/6) D:8
 Bailey (1/1)
    Orc: D:9-12

Altars:
Ashenzari
Cheibriados
Dithmenos
Elyvilon
Fedhas
Gozag
Hepliaklqana
Kikubaaqudgha
Makhleb
Nemelex Xobeh
Okawaru
Qazlal
Ru
Sif Muna
Trog
Uskayaw
Vehumet
Wu Jian
Xom
Yredelemnul
Zin
The Shining One

Shops:
D:3 [(   D:4 ?   D:6 (

Annotations:
D:9 3 runed translucent doors


Innate Abilities, Weirdness & Mutations

You have a pair of horns on your head.
A weak demonic guardian rushes to your aid.
You regenerate magic rapidly.
You cannot study or cast Earth magic.
You cannot study or cast Hexes magic.
You cannot study or cast Necromancy magic.
Your casting is slightly disrupted.
Your movements are slightly less encumbered by armour. (ER -2)
You are clumsy. (Dex -2)
Armour fits poorly on your strangely shaped body.
You sometimes lose the ability to read scrolls when taking damage.
You have hidden genetic defects.


Message History

The sixfirhy hits you! The sixfirhy shocks you!
* * * LOW HITPOINT WARNING * * *
The sixfirhy closely misses you. The sixfirhy hits you.
* * * LOW HITPOINT WARNING * * *
A demonic guardian appears!
The sixfirhy shocks you!
* * * LOW HITPOINT WARNING * * *
The orc high priest prays to Beogh.
You redirect the orc high priest's attack!
There is a large open door here.
You feel better.
The sixfirhy disappears in a puff of smoke!
The ice devil hits your quasit! The ice devil freezes your quasit.
Your quasit resists.
The ice devil hits you.
* * * LOW HITPOINT WARNING * * *
The ice devil freezes you. You resist.
* * * LOW HITPOINT WARNING * * *
Your quasit bites the ice devil but does no damage.
Your quasit closely misses the ice devil.
Your quasit claws the ice devil but does no damage.
The iron imp hits your quasit!
Your quasit dies!
The kobold demonologist looks encouraged for a moment.
The ice devil misses you. The red devil closely misses you.
Okay, then.
Okay, then.
The sun demon disappears in a puff of smoke!
The kobold demonologist looks encouraged for a moment.
The ice devil hits you but does no damage.
There is an open gate here.
The iron imp grinds its teeth.
The ice devil is stunned by your conviction and fails to attack.
You can read scrolls again.
The kobold demonologist begins to cast a spell, but is stunned by your conviction!
The ice devil hits you!
You feel threatened and lose the ability to read scrolls!
* * * LOW HITPOINT WARNING * * *
A demonic guardian appears!
The ice devil freezes you. You resist.
You die...

#...5g#.....#
####45#).⌠..#
#.§'5)...+ #..'.g...+
#####4''#####
#....K......#
######≈≈≈544.≈≈≈≈######
≈≈≈≈≈≈≈≈≈≈4..≈≈≈≈≈≈≈≈≈≈
≈≈≈≈≈≈≈≈≈≈@..≈≈≈≈≈≈≈≈≈≈
≈≈≈≈≈≈≈≈≈≈...≈≈≈≈≈≈≈≈≈≈
≈≈≈≈≈≈≈≈≈≈...≈≈≈≈≈≈≈≈≈≈
≈≈≈≈≈≈≈..)))....≈≈≈≈≈≈≈
########.).....########
#.......# #.......#
#...∩...# #.......#


You could see 2 ice devils, a kobold demonologist (ally target), a chaos spawn
(summoned), a red devil (summoned), an iron imp (summoned), a hobgoblin and a
friendly shadow imp (summoned).

Vanquished Creatures
  Gastronok (D:8)
  Harold (D:8)
  Erica (D:8)
  Pikel (D:4)
  A cyclops (D:9)
  Maggie (D:8)
  A hornet (D:10)
  Eustachio (D:4)
  11 yaks (D:10)
  A steam dragon (D:5)
  Edmund (D:6)
  2 water moccasins
  A black bear (D:5)
  An orc warrior (Bailey)
  2 necrophages
  4 centaurs
  A lemure (D:4)
  A phantom (D:6)
  2 kobold brigands
  4 bullfrogs
  A scorpion (D:6)
  A water moccasin skeleton (D:5)
  3 killer bees (D:8)
  8 wights
  2 centaur zombies
  A bullfrog zombie (D:6)
  3 hounds
  4 orc priests (D:6)
  3 bullfrog skeletons (D:5)
  Ijyb (D:4)
  An orc wizard (D:6)
  An iguana (D:5)
  A killer bee zombie (D:8)
  2 howler monkey zombies
  A howler monkey skeleton (D:6)
  6 adders
  A gnoll (Bailey)
  A shadow imp (D:7)
  2 white imps
  2 ufetubi
  A worm (D:3)
  4 dart slugs
  12 orcs
  6 ball pythons
  An endoplasm (D:3)
  5 giant cockroaches
  12 goblins
  12 hobgoblins
  3 jackals (D:1)
  5 quokkas
  5 bats
  7 frilled lizards
  12 kobolds
  5 rats
174 creatures vanquished.

Vanquished Creatures (collateral kills)
  A water moccasin (D:5)
  An orc warrior (D:7)
  A wight (D:9)
  An adder (D:5)
  A worm (D:2)
5 creatures vanquished.

Grand Total: 179 creatures vanquished

Notes
Turn   | Place    | Note
-------+----------+-------------------------------------------
     0 | D:1      | Smaepdii the Demonspawn Brigand began the quest for the
                  | Orb.
     0 | D:1      | Reached XP level 1. HP: 16/16 MP: 1/1
    39 | D:1      | Reached skill level 1 in Dodging
   341 | D:1      | Gained mutation: A weak demonic guardian rushes to your
                  | aid. [demonic ancestry]
   341 | D:1      | Reached XP level 2. HP: 22/22 MP: 2/2
   352 | D:1      | You fall into a shaft and drop 1 floor!
   777 | D:1      | Gained mutation: Your movements are slightly less
                  | encumbered by armour. (ER -2) [demonic ancestry]
   777 | D:1      | Reached XP level 3. HP: 19/27 MP: 3/3
  1070 | D:1      | Found a faded altar of an unknown god.
  1986 | D:3      | Gained mutation: You regenerate magic rapidly. [demonic
                  | ancestry]
  1986 | D:3      | Reached XP level 4. HP: 33/33 MP: 4/4
  2219 | D:3      | Found Nyfuoth's Antique Armour Shoppe.
  2228 | D:3      | Bought a helmet for 72 gold pieces
  2384 | D:3      | Found Zoxum's Antique Weapon Boutique.
  2605 | D:4      | Noticed Eustachio
  2663 | D:4      | Killed Eustachio
  2664 | D:4      | Gained mutation: You have a pair of small horns on your
                  | head. [demonic ancestry]
  2664 | D:4      | Reached XP level 5. HP: 30/38 MP: 5/5
  2946 | D:4      | Noticed Ijyb
  2968 | D:4      | Killed Ijyb
  3123 | D:4      | Identified the +3 pair of gloves "Riodoas" {Int+3 Dex-5}
  3228 | D:4      | Noticed a lemure
  3228 | D:4      | Noticed a lemure
  3287 | D:4      | Killed a lemure
  3575 | D:4      | Noticed Pikel
  3581 | D:4      | Noticed a lemure
  3584 | D:4      | Noticed a lemure
  3592 | D:4      | Killed Pikel
  3593 | D:4      | Reached skill level 5 in Short Blades
  3593 | D:4      | Reached skill level 5 in Stealth
  3593 | D:4      | Reached XP level 6. HP: 37/44 MP: 6/6
  3593 | D:4      | Reached XP level 7. HP: 42/50 MP: 7/7
  3650 | D:4      | Found Ybuppal's Magic Scroll Boutique.
  3659 | D:4      | Bought a scroll of identify for 22 gold pieces
  3659 | D:4      | Bought a scroll of identify for 22 gold pieces
  3659 | D:4      | Bought a scroll of identify for 22 gold pieces
  3659 | D:4      | Bought a scroll of magic mapping for 38 gold pieces
  3894 | D:4      | Found a sacrificial altar of Ru.
  3902 | D:4      | Became a worshipper of Ru the Awakened
  3918 | D:5      | Entered Level 5 of the Dungeon
  3988 | D:5      | Found a bloodstained altar of Trog.
  4420 | D:5      | Reached XP level 8. HP: 47/56 MP: 8/8
  4695 | D:5      | Found a basalt altar of Yredelemnul.
  4865 | D:5      | You fall into a shaft and drop 3 floors!
  4878 | D:8      | Found a burning altar of Makhleb.
  4983 | D:8      | Noticed Gastronok
  5507 | D:5      | Reached skill level 5 in Dodging
  5754 | D:6      | Identified the +2 buckler of Shadows and Fog {rPois Will-
                  | Int+8 Dex-2}
  5851 | D:6      | Gained mutation: Your casting is slightly disrupted. [Ru
                  | sacrifice]
  5860 | D:6      | Noticed Edmund
  5862 | D:6      | Killed Edmund
  5923 | D:6      | Reached XP level 9. HP: 36/61 MP: 9/9
  6275 | D:6      | Found Susuekh's Antique Weapon Emporium.
  6281 | D:6      | Bought a masterwork dagger for 161 gold pieces
  6281 | D:6      | Identified the +7 dagger of Gravity {speed, *Rage +Blink
                  | rC+} (You bought it in a shop on level 6 of the Dungeon)
  6344 | D:6      | Found an ornate altar of the Wu Jian Council.
  6614 | D:6      | Found an iron altar of Okawaru.
  6660 | D:6      | Found a shadowy altar of Dithmenos.
  7550 | D:7      | Found a staircase to the Ecumenical Temple.
  7581 | Temple   | Entered the Ecumenical Temple
  8424 | D:8      | Noticed Erica
  8440 | D:8      | Killed Erica
  8515 | D:8      | Noticed Harold
  8532 | D:8      | Killed Harold
  8533 | D:8      | Gained mutation: You have a pair of horns on your head.
                  | [demonic ancestry]
  8533 | D:8      | Reached XP level 10. HP: 48/67 MP: 9/10
  8733 | D:8      | Killed Gastronok
  8734 | D:8      | Reached skill level 10 in Short Blades
  9003 | D:8      | Found a staircase to the Lair.
  9026 | D:8      | Reached skill level 1 in Shields
  9033 | D:8      | Noticed Maggie
  9223 | D:8      | Killed Maggie
  9321 | D:8      | Found a hazy altar of Hepliaklqana.
  9504 | D:8      | Found a sparkling altar of Nemelex Xobeh.
  9519 | D:8      | Found an opulent altar of Gozag.
  9801 | D:9      | Found a blossoming altar of Fedhas.
  9814 | D:9      | Found a stormy altar of Qazlal.
  9815 | D:9      | Noticed a cyclops
  9846 | D:9      | Killed a cyclops
 10223 | D:9      | Found a runed translucent gate.
 10223 | D:9      | Found a runed translucent gate.
 10223 | D:9      | Found a runed translucent gate.
 10223 | D:9      | Noticed a brown ugly thing
 10224 | D:9      | Noticed a white very ugly thing
 10224 | D:9      | Noticed a green ugly thing
 10224 | D:9      | Noticed a red ugly thing
 10224 | D:9      | Noticed a glowing orange brain
 10225 | D:9      | Noticed a green ugly thing
 10371 | D:9      | Gained mutation: You cannot study or cast Earth magic. [Ru
                  | sacrifice]
 10371 | D:9      | Gained mutation: You cannot study or cast Hexes magic. [Ru
                  | sacrifice]
 10371 | D:9      | Gained mutation: You cannot study or cast Necromancy magic.
                  | [Ru sacrifice]
 10371 | D:9      | Reached * piety under Ru
 10631 | D:10     | Entered Level 10 of the Dungeon
 10644 | D:10     | Paralysed by a hornet for 2 turns
 10862 | D:10     | Reached XP level 11. HP: 72/72 MP: 11/11
 10931 | D:10     | Reached skill level 10 in Stealth
 10946 | D:10     | Found a flagged portal.
 10957 | Bailey   | Entered a bailey
 11075 | Bailey   | Found an iron altar of Okawaru.
 11075 | Bailey   | Noticed an orc high priest
 11098 | Bailey   | Noticed a sun demon
 11098 | Bailey   | Gained mutation: You sometimes lose the ability to read
                  | scrolls when taking damage. [a neqoxec]
 11103 | Bailey   | Gained mutation: Armour fits poorly on your strangely
                  | shaped body. [a neqoxec]
 11105 | Bailey   | Gained mutation: You have hidden genetic defects. [a
                  | neqoxec]
 11108 | Bailey   | Gained mutation: You are clumsy. (Dex -2) [hidden defects]
 11116 | Bailey   | Noticed a sixfirhy
 11123 | Bailey   | HP: 2/72 [sixfirhy[an orc high priest] (9)]
 11130 | Bailey   | HP: 1/72 [ice devil[a kobold demonologist] (7)]
 11130 | Bailey   | Slain by an ice devil

Illustrated notes

Levels and vault maps discovered:
D:1:      tarquinn_simple_flora_water_e, layout_basic,
          hellmonk_ecumenical_altar_inner_sanctum,
          chequers_serial_rivers_micro_a
D:2:      layout_basic
D:3:      layout_basic, serial_shops, shop, nicolae_diamond_shop
D:4:      layout_basic, nicolae_ru_path_of_blood, serial_shops, shop,
          uniq_pikel, uniq_ijyb, uniq_eustachio
D:5:      layout_rooms, trog_hazing_becter, yredelemnul_altar_generic
D:6:      layout_loops_cross, mainiacjoe_overflow_alcove_2,
          nicolae_dithmenos_the_darkroom, nicolae_overflow_hidden_temple,
          serial_shops, nicolae_shop_statue_plus, uniq_edmund
D:7:      layout_basic, mainiacjoe_overflow_catwalk,
          minmay_temple_entry_drinking_statues
D:8:      layout_basic, nemelex_spade_bored_becter,
          mainiacjoe_overflow_brackets,
          nicolae_gozag_cash_rules_everything_around_me, kennysheep_little_box,
          lair_entry_dummy, uniq_harold, uniq_erica, uniq_gastronok, uniq_maggie
D:9:      layout_stronghold, grunt_temple_overflow_forces_of_nature,
          ploomutoo_gammafunk_ghost_potion_laboratory
D:10:     layout_cross, enter_bailey_3, minmay_mirror_moons_of_madness
Temple:   compressed_dpeg_triangle_lava_temple
Bailey:   bailey_axe_of_yendor_kennysheep, bailey

Skill      XL: |  1  2  3  4  5  6  7  8  9 10 11 |
---------------+----------------------------------+-----
Dodging        | 1 2 3 4 5 6 8 |  8.5
Short Blades   | 2 3 4 5 6 7 9 10 | 10.0
Stealth        | 4 5 6 8 9 10 | 10.0
Shields        | 4 |  4.0
Fighting       | |  2.0
Throwing       | |  1.7

Action                   |  1- 3 |  4- 6 |  7- 9 | 10-12 || total
-------------------------+-------+-------+-------+-------++-------
Melee: Dagger            |    74 |    75 |   332 |   276 ||   757
       Headbutt          |       |     6 |    62 |    63 ||   131
Throw: Dart              |    22 |     9 |     7 |    11 ||    49
       Boomerang         |       |       |       |     4 ||     4
       Throwing net      |       |       |       |     2 ||     2
Invok: Sacrifice Essence |       |       |     1 |       ||     1
       Sacrifice Arcana  |       |       |       |     1 ||     1
 Abil: Evoke Blink       |       |       |     3 |     3 ||     6
Evoke: Wand              |       |       |       |    22 ||    22
  Use: Scroll            |       |     4 |     6 |       ||    10
       Potion            |       |       |     1 |     5 ||     6
 Stab: Sleeping          |     4 |       |     4 |     5 ||    13
       Distracted        |       |       |     1 |       ||     1
Armor: Robe              |    12 |       |       |    27 ||    39
       Fire dragon scale |    15 |    41 |   119 |       ||   175
Dodge: Dodged            |    32 |    29 |   149 |   105 ||   315

Table legend: (Time is in decaauts)
 A = Elapsed time spent in this place.
 B = Non-inter-level travel time spent in this place.
 C = Inter-level travel time spent in this place.
 D = Time resting spent in this place.
 E = Time spent auto-exploring this place.
 F = Levels seen in this place.
 G = Mean time per level.
                   A        B        C        D        E       F      G
               +--------+--------+--------+--------+--------+-----+--------+
         Total |  10845 |  10500 |    345 |   2977 |   4732 |  12 |  903.8 |
       Dungeon |  10419 |  10077 |    342 |   2930 |   4432 |  10 | 1041.9 |
        Temple |    285 |    282 |      3 |      0 |    276 |   1 |  285.0 |
        Bailey |    140 |    140 |      0 |     47 |     24 |   1 |  140.0 |
               +--------+--------+--------+--------+--------+-----+--------+

Top non-repeatable levels by time:
     D:7: 1535 daAuts
     D:6: 1460 daAuts
     D:4: 1447 daAuts
     D:8: 1285 daAuts
     D:5: 1157 daAuts
     D:1: 1157 daAuts
     D:9: 847 daAuts
     D:2: 719 daAuts
     D:3: 569 daAuts
  Temple: 285 daAuts
    D:10: 239 daAuts
  Bailey: 140 daAuts
